 Dungeon Crawl Stone Soup version 0.23.1 (webtiles) character file.

Game seed: 0

171 eccles the Chopper (level 5, -2/70 HPs)
             Began as a Minotaur Berserker on Feb 27, 2019.
             Was a Believer of Trog.
             Slain by a gnoll
             ... wielding a +0 halberd
              (10 damage)
             ... on level 3 of the Dungeon on Mar 2, 2019.
             The game lasted 00:12:58 (1693 turns).

eccles the Chopper (Minotaur Berserker)             Turns: 1693, Time: 00:13:00

Health: -2/70      AC:  5    Str: 26    XL:     5   Next: 26%
Magic:  4/4        EV: 11    Int:  7    God:    Trog [**....]
Gold:   166        SH:  0    Dex: 11    Spells: 4/4 levels left

rFire    . . .     SeeInvis .   a - +0 hand axe
rCold    . . .     Gourm    .   (no shield)
rNeg     . . .     Faith    .   d - +0 ring mail
rPois    .         Spirit   .   (helmet restricted)
rElec    .         Reflect  .   (no cloak)
rCorr    .         Harm     .   (no gloves)
MR       +....                  (no boots)
Stlth    ..........             (no amulet)
HPRegen  0.21/turn              k - ring of protection from magic
MPRegen  0.09/turn              t - +3 ring of intelligence

@: berserking, starving, drained, very quick
A: retaliatory headbutt, horns 2
a: Berserk, Trog's Hand, Renounce Religion


You were on level 3 of the Dungeon.
You worshipped Trog.
Trog was pleased with you.
You were starving.

You visited 1 branch of the dungeon, and saw 3 of its levels.

You collected 166 gold pieces.

Inventory:

Hand Weapons
 a - a +0 hand axe (weapon)
Armour
 b - a +0 animal skin
 d - a +0 ring mail (worn)
Jewellery
 k - a ring of protection from magic (left hand)
 n - an uncursed amulet of harm
 t - a +3 ring of intelligence (right hand)
Scrolls
 g - 6 scrolls of remove curse
 i - a scroll of fear {unknown}
 m - a scroll of teleportation {unknown}
 o - a scroll of identify {unknown}
Potions
 e - a potion of berserk rage {unknown}
 f - a potion of cancellation {unknown}
 h - 2 potions of curing {unknown}
 j - a potion of lignification {unknown}
 l - a potion of flight {unknown}
 q - a potion of brilliance {unknown}
 r - a potion of resistance {unknown}
 s - a potion of heal wounds {unknown}
Comestibles
 c - 5 rations
 p - a chunk of flesh


   Skills:
 + Level 4.6(3.6) Fighting
 + Level 5.3(4.2) Axes
 + Level 4.1(3.1) Armour
 + Level 2.8(1.8) Dodging


You had 4 spell levels left.
You didn't know any spells.
Your spell library was empty.

Dungeon Overview and Level Annotations

Branches:
Dungeon (3/15)

Altars:


Innate Abilities, Weirdness & Mutations

You reflexively headbutt those who attack you in melee.
You have a pair of horns on your head.


Message History

You are no longer poisoned.
The gnoll hits you but does no damage.
The gnoll hits you from afar with a +0 halberd!
You hit the gnoll.
The gnoll is moderately wounded.
The gnoll hits you with a +0 whip.
The gnoll hits you from afar with a +0 halberd.
The gnoll shouts!
You slash the gnoll!
The gnoll is almost dead.
The gnoll hits you from afar with a +0 halberd!
* * * LOW HITPOINT WARNING * * *
A red film seems to cover your vision as you go berserk!
You feel yourself moving faster!
You feel mighty!
You are starving!
The gnoll barely misses you. You furiously retaliate!
You headbutt the gnoll!
You kill the gnoll!
Trog accepts your kill.
The gnoll hits you from afar with a +0 halberd!
You die...

#############....#....#
##...........((........#
#..####.....<..........#
##..#....♣...##........#.#
##......♣...##..........#
###........##..#.......
###..♣♣..###.#.....#
#......###.#.....#
###..#...@).#....#
#.....##.......#
#####.###g.....###... #.#
##g.)........ #..
#.#%..(..###
#...........#.#
....>.......?...
#.....$.###....!.
...g..... ..P♣..


You could see 2 gnolls.

Vanquished Creatures
  Terence (D:2)
  Robin (D:2)
  A gnoll (D:3)
  4 adders
  An ooze (D:1)
  2 worms (D:2)
  2 dart slugs
  2 leopard geckos
  4 giant cockroaches
  15 goblins
  9 hobgoblins
  6 jackals
  2 ball pythons
  9 bats
  3 frilled lizards (D:2)
  2 kobolds
  6 rats
70 creatures vanquished.

Notes
Turn   | Place    | Note
-------+----------+-------------------------------------------
     0 | D:1      | eccles the Minotaur Berserker began the quest for the Orb.
     0 | D:1      | Reached XP level 1. HP: 19/19 MP: 0/0
   110 | D:1      | Reached XP level 2. HP: 22/27 MP: 1/1
   127 | D:1      | Reached skill level 4 in Axes
   373 | D:1      | Upgraded the game from 0.23.0-38-g208d714 to 0.23.1
   671 | D:2      | Reached XP level 3. HP: 33/33 MP: 2/2
   761 | D:2      | Reached ** piety under Trog
   845 | D:2      | Noticed Robin
   855 | D:2      | Reached XP level 4. HP: 40/40 MP: 3/3
   857 | D:2      | Killed Robin
  1425 | D:2      | Noticed Terence
  1429 | D:2      | Reached skill level 5 in Axes
  1439 | D:2      | Killed Terence
  1439 | D:2      | Reached XP level 5. HP: 40/47 MP: 4/4
  1693 | D:3      | Slain by a gnoll

Skill      XL: |  1  2  3  4 |
---------------+-------------+-----
Axes           | 4 5 |  5.3
Fighting       | 4 |  4.6
Armour         | 3 4 |  4.1
Dodging        | |  2.8

Action                   |  1- 3 |  4- 6 || total
-------------------------+-------+-------++-------
Melee: Hand axe          |    76 |    64 ||   140
       Headbutt          |    14 |    10 ||    24
Invok: Berserk           |     1 |     1 ||     2
  Use: Scroll            |       |     1 ||     1
  Eat: Chunk             |       |     2 ||     2
Armor: Ring mail         |    33 |    21 ||    54
Dodge: Dodged            |    43 |    36 ||    79
